 Dungeon Crawl Stone Soup version 0.23.2-1-ga50397a (webtiles) character file.

Game seed: 5398293645022836790

2289 Sagrath01 the Ruffian (level 9, -2/68 HPs)
             Began as a White Draconian Transmuter on Apr 16, 2019.
             Was a Believer of Okawaru.
             Hit by a tomahawk thrown by an orc warrior (9 damage)
             ... on level 8 of the Dungeon.
             The game lasted 00:29:44 (8693 turns).

Sagrath01 the Ruffian (White Draconian Transmuter)  Turns: 8693, Time: 00:29:46

Health: -2/68      AC:  2    Str: 19    XL:     9   Next: 17%
Magic:  9/13       EV: 20    Int: 15    God:    Okawaru [**....]
Gold:   166        SH:  0    Dex: 17    Spells: 4/14 levels left

rFire    . . .     SeeInvis .     - Unarmed
rCold    . . .     Gourm    .   (shield currently unavailable)
rNeg     . . .     Faith    .   (armour unavailable)
rPois    x         Spirit   .   (helmet currently unavailable)
rElec    .         Reflect  .   (cloak currently unavailable)
rCorr    .         Harm     .   (gloves currently unavailable)
MR       .....                  (boots currently unavailable)
Stlth    ++........             f - amulet of rage
HPRegen  0.21/turn              z - +5 ring of strength
MPRegen  0.13/turn              (no ring)

@: short of breath, spider-form
A: tiny, (breathe frost), unfitting armour, mutation resistance 1, AC +7
a: End Transformation, Heroism, Renounce Religion, Evoke Berserk Rage


You were on level 8 of the Dungeon.
You worshipped Okawaru.
Okawaru was pleased with you.
You were not hungry.
You were a venomous arachnid creature.
You visited 2 branches of the dungeon, and saw 9 of its levels.

You collected 320 gold pieces.
You spent 154 gold pieces at shops.

Inventory:

Hand Weapons
 u - a +0 hand crossbow (melded)
Missiles
 a - 86 arrows
 e - 43 bolts
 n - 134 stones (quivered)
 t - 17 poisoned needles
Magical Staves
 s - an uncursed staff of energy {unknown}
Jewellery
 f - an amulet of rage (around neck)
 w - the amulet of Hilebikh {Reflect rElec MR+ Int-4 SH+3}
   (You bought it in a shop on level 5 of the Dungeon)

   [amulet of reflection]

   It shields you and reflects attacks.
   It affects your intelligence (-4).
   It insulates you from electricity.
   It affects your resistance to hostile enchantments.
   It affects your SH (+3).
 z - a +5 ring of strength (left front leg)
 E - an uncursed ring of wizardry
Wands
 D - a wand of acid (14)
Scrolls
 b - 5 scrolls of remove curse
 d - 3 scrolls of teleportation
 k - 2 scrolls of magic mapping {unknown}
 o - a scroll of fear
 x - a scroll of enchant weapon
 y - a scroll of silence {unknown}
 A - a scroll of fog
 B - a scroll of noise {unknown}
 F - a scroll of identify
Potions
 g - a potion of resistance {unknown}
 h - a potion of degeneration {unknown}
 i - a potion of might
 j - 2 potions of lignification
 l - 2 potions of agility {unknown}
 m - a potion of berserk rage {unknown}
 p - 2 potions of curing
 q - 2 potions of haste {unknown}
 r - a potion of brilliance
 v - a potion of heal wounds {unknown}
Comestibles
 c - 8 rations
 C - a chunk of flesh


   Skills:
 + Level 2.3 Fighting
 - Level 0.4 Throwing
 + Level 2.7 Dodging
 - Level 0.7 Stealth
 + Level 7.2 Unarmed Combat
 - Level 3.2 Spellcasting
 - Level 7.1 Transmutations
 - Level 4.0 Ice Magic
 - Level 2.1 Poison Magic
 - Level 4.7 Invocations


You had 4 spell levels left.
You knew the following spells:

 Your Spells              Type           Power        Failure   Level  Hunger
a - Beastly Appendage     Tmut           ###...       5%          1    #......
b - Sticks to Snakes      Tmut           ###.....     7%          2    ##.....
c - Spider Form           Tmut/Pois      ###.......   22%         3    ###....
d - Ice Form              Ice/Tmut       ###.....     41%         4    #####..

Your spell library contained the following spells:

 Spells                   Type           Power        Failure   Level  Hunger
 Blade Hands              Tmut           ###.......   50%         5    ######.


Dungeon Overview and Level Annotations

Branches:
Dungeon (8/15)             Temple (1/1) D:5
   Lair: D:8-11

Altars:
Cheibriados
Dithmenos
Elyvilon
Fedhas
Gozag
Hepliaklqana
Makhleb
Nemelex Xobeh
Okawaru
Qazlal
Ru
Sif Muna
Vehumet
Wu Jian
Xom
Yredelemnul
The Shining One

Shops:
D:5 *[[**

Annotations:
D:5 2 transporters, Frank's ghost, novice OpFi
D:6 2 transporters, ThisFiasco's ghost, novice MfTm


Innate Abilities, Weirdness & Mutations

((You can breathe waves of freezing cold.))
((You can buffet flying creatures when you breathe cold.))
((Your icy white scales are hard. (AC +7)))
You cannot fit into any form of body armour.
((Your flesh is cold resistant. (rC+)))
((You are cold-blooded and may be slowed by cold attacks.))
You are somewhat resistant to further mutation.
((You are resistant to electric shocks. (rElec)))


Message History

The orc warrior throws a tomahawk.
The tomahawk misses your water moccasin.
The tomahawk completely misses you.
Your water moccasin closely misses the orc warrior.
The orc warrior closely misses your water moccasin.
Your water moccasin barely misses the orc warrior.
Okay, then.
The orc warrior throws a tomahawk.
The tomahawk barely misses your water moccasin.
The tomahawk hits you!
* * * LOW HITPOINT WARNING * * *
Your water moccasin bites the orc warrior but does no damage.
You see here a tomahawk.
Your water moccasin bites the orc warrior.
The orc warrior looks as sick as possible!
Your water moccasin poisons the orc warrior!
The orc warrior throws a tomahawk.
The tomahawk completely misses your water moccasin.
The tomahawk hits you!
You die...

#.#.##.#.#
#.#......#
#.#))#.#...#
#.#<)#.# ##
#.####.#
###......##
#(.....(..#
#.(.......#
#...s.....#
#...(.....#
#.........#.#
#...(...<...#
####S########
#o#


#oo ###. .# You could see an orc warrior, 2 orcs and a friendly water moccasin.

Vanquished Creatures
  A hippogriff (D:7)
  A wyvern (D:7)
  A water moccasin (D:6)
  An ice beast (D:5)
  3 sky beasts
  A water moccasin zombie (D:7)
  2 scorpions
  A water moccasin skeleton (D:7)
  4 killer bees (D:7)
  3 wights (D:6)
  A howler monkey (D:5)
  An electric eel (D:7)
  A crimson imp (D:7)
  A jelly (D:7)
  4 orc wizards
  4 orc priests
  A centaur skeleton (D:4)
  3 bullfrog skeletons
  An iguana (D:7)
  4 worker ants
  2 hound zombies
  3 hound skeletons
  2 howler monkey zombies (D:5)
  8 adders
  8 gnolls
  A shadow imp (D:5)
  An ooze (D:2)
  3 adder zombies
  2 adder skeletons
  5 worms
  5 dart slugs
  5 leopard geckos
  18 orcs
  4 giant cockroaches
  8 hobgoblins
  14 jackals
  2 quokkas
  6 bats
  5 frilled lizards
  8 goblins
  5 kobolds
  7 rats
161 creatures vanquished.

Vanquished Creatures (collateral kills)
  An adder (D:2)
  A rat (D:2)
2 creatures vanquished.

Grand Total: 163 creatures vanquished

Notes
Turn   | Place    | Note
-------+----------+-------------------------------------------
     0 | D:1      | Sagrath01 the Draconian Transmuter began the quest for the
                  | Orb.
     0 | D:1      | Reached XP level 1. HP: 16/16 MP: 3/3
   480 | D:1      | Reached XP level 2. HP: 11/23 MP: 3/5
   737 | D:1      | Learned a level 2 spell: Sticks to Snakes
  1297 | D:2      | Reached XP level 3. HP: 18/28 MP: 3/6
  1699 | D:2      | Reached XP level 4. HP: 35/35 MP: 5/7
  1704 | D:2      | Learned a level 3 spell: Spider Form
  1801 | D:2      | Found a radiant altar of Vehumet.
  1809 | D:2      | Found a sacrificial altar of Ru.
  1810 | D:2      | Found a sparkling altar of Nemelex Xobeh.
  1810 | D:2      | Found a snail-covered altar of Cheibriados.
  1815 | D:2      | Found a hazy altar of Hepliaklqana.
  1885 | D:2      | Reached skill level 5 in Unarmed Combat
  2245 | D:3      | Reached skill level 1 in Poison Magic
  2256 | D:3      | Reached XP level 5. HP: 21/40 MP: 4/8
  2855 | D:3      | Reached XP level 6. HP: 42/47 MP: 3/10
  3174 | D:3      | Learned a level 4 spell: Ice Form
  4146 | D:4      | Reached skill level 1 in Ice Magic
  4308 | D:4      | Your scales start taking on an icy white colour.
  4308 | D:4      | Reached XP level 7. HP: 28/52 MP: 8/11
  4308 | D:4      | Gained mutation: Your flesh is cold resistant. (rC+) [White
                  | Draconian growth]
  4618 | D:5      | Entered Level 5 of the Dungeon
  4618 | D:5      | Found Tillewk's Antique Armour Shop.
  4852 | D:5      | Found Joloz's General Store.
  4905 | D:5      | Bought a scroll of identify for 26 gold pieces
  4930 | D:5      | Reached skill level 5 in Transmutations
  4954 | D:5      | Found a staircase to the Ecumenical Temple.
  4960 | Temple   | Entered the Ecumenical Temple
  5038 | Temple   | Became a worshipper of Warmaster Okawaru
  5190 | D:5      | Found Depipus's Assorted Antiques.
  5209 | D:5      | Bought a scroll labeled LINASAI WUSAOV for 28 gold pieces
  5553 | D:5      | Noticed Frank's ghost (novice OpFi)
  5558 | D:5      | Found a transporter.
  5561 | D:5      | Found a transporter.
  5719 | D:5      | Found Esug's Armour Boutique.
  5813 | D:5      | Found Uqihonk's Assorted Antiques.
  5815 | D:5      | Bought a vibrating ruby amulet for 100 gold pieces
  5816 | D:5      | Identified the amulet of Hilebikh {Reflect rElec MR+ Int-4
                  | SH+3} (You bought it in a shop on level 5 of the Dungeon)
  5955 | D:5      | Found a sacrificial altar of Ru.
  5999 | D:5      | Gained mutation: You are somewhat resistant to further
                  | mutation. [potion of mutation]
  5999 | D:5      | Gained mutation: You are resistant to electric shocks.
                  | (rElec) [potion of mutation]
  6141 | D:6      | Reached XP level 8. HP: 45/59 MP: 7/12
  6333 | D:6      | Found a transporter.
  6339 | D:6      | Found a transporter.
  6339 | D:6      | Noticed ThisFiasco's ghost (novice MfTm)
  6562 | D:6      | Reached * piety under Okawaru
  7394 | D:7      | Reached skill level 1 in Invocations
  8249 | D:7      | Noticed a hippogriff
  8256 | D:7      | Killed a hippogriff
  8256 | D:7      | Reached ** piety under Okawaru
  8256 | D:7      | Reached XP level 9. HP: 63/67 MP: 8/13
  8432 | D:7      | Found a shadowy altar of Dithmenos.
  8693 | D:8      | Hit by a tomahawk thrown by an orc warrior

Skill      XL: |  1  2  3  4  5  6  7  8  9 |
---------------+----------------------------+-----
Unarmed Combat | 4 5 6 7 |  7.2
Poison Magic   | 1 2 |  2.1
Spellcasting   | 3 |  3.2
Transmutations | 3 4 6 7 |  7.1
Ice Magic      | 2 4 |  4.0
Invocations    | 4 |  4.7
Dodging        | 2 |  2.7
Fighting       | 2 |  2.3
Throwing       | |  0.4
Stealth        | |  0.7

Action                   |  1- 3 |  4- 6 |  7- 9 || total
-------------------------+-------+-------+-------++-------
Melee: Unarmed           |   104 |   217 |   251 ||   572
       Kick              |    11 |     3 |    10 ||    24
       Tailslap          |     9 |    15 |    19 ||    43
       Punch             |     1 |     2 |     2 ||     5
       Headbutt          |     1 |     4 |     9 ||    14
 Fire: Hand crossbow     |       |       |    37 ||    37
Throw: Stone             |       |    27 |    13 ||    40
 Cast: Beastly Appendage |    17 |    20 |    10 ||    47
       Sticks to Snakes  |     3 |     1 |     3 ||     7
       Spider Form       |       |     8 |     8 ||    16
       Ice Form          |       |       |     7 ||     7
Invok: Heroism           |       |       |     1 ||     1
 Abil: Breathe Frost     |       |       |     8 ||     8
  Use: Potion            |       |     2 |     1 ||     3
       Scroll            |       |     2 |     7 ||     9
 Stab: Sleeping          |     1 |     3 |     1 ||     5
  Eat: Chunk             |     3 |    10 |     5 ||    18
       Ration            |       |       |     4 ||     4
Armor: Skin              |    33 |    47 |    55 ||   135
Dodge: Dodged            |    70 |   105 |   136 ||   311
